 Dungeon Crawl Stone Soup version 0.28.0-1-gb440e238dd (webtiles) character file.

Game seed: 17699444154608114690

123 styxcanada the Magician (level 4, -4/24 HPs)
             Began as a Deep Elf Venom Mage on Feb 27, 2022.
             Killed from afar by an orc wizard (7 damage)
             ... with a puff of flame
             ... on level 3 of the Dungeon.
             The game lasted 00:12:34 (3515 turns).

styxcanada the Magician (Deep Elf Venom Mage)       Turns: 3515, Time: 00:12:34

Health: -4/24      AC:  5    Str:  5    XL:     4   Next: 79%
Magic:  12/12      EV: 12    Int: 22    God:
Gold:   141        SH:  0    Dex: 15    Spells: 8/11 levels left

rFire   . . .      SeeInvis .   k - +1 dagger (venom)
rCold   . . .      Faith    .   (no shield)
rNeg    . . .      Spirit   .   h - +0 leather armour
rPois   +          Reflect  .   n - +1 helmet
rElec   .          Harm     .   (no cloak)
rCorr   .          Rampage  .   (no gloves)
Will    .....                   (no boots)
Stlth   ++........              (no amulet)
HPRegen 0.08/turn               i - ring of poison resistance
MPRegen 0.13/turn               (no ring)

@: brilliant, flying
A: no striking features
a: no special abilities


You were on level 3 of the Dungeon.
You visited 1 branch of the dungeon, and saw 3 of its levels.

You collected 141 gold pieces.

Inventory:

Hand Weapons
 c - a +0 dagger
 k - a +1 dagger of venom (weapon)
Missiles
 b - 77 stones
 d - a throwing net
Armour
 h - a +0 leather armour (worn)
 n - a +1 helmet (worn)
Jewellery
 i - a ring of poison resistance (left hand)


   Skills:
 * Level 1.6 Armour
 + Level 2.7 Dodging
 * Level 3.5 Stealth
 + Level 4.1 Spellcasting
 + Level 1.7 Transmutations
 + Level 0.2 Air Magic
 + Level 4.0 Poison Magic


You had 8 spell levels left.
You knew the following spells:

 Your Spells              Type           Power      Damage    Failure   Level
a - Sting                 Tmut/Pois      100%       1d8       5%          1
b - Poisonous Vapours     Pois/Air       40%        N/A       12%         2

Your spell library contained the following spells:

 Spells                   Type           Power      Damage    Failure   Level
 Magic Dart               Conj           24%        1d4       19%         1
 Searing Ray              Conj           12%        2d4       26%         2
 Mephitic Cloud           Conj/Pois/Air  16%        N/A       30%         3
 Olgreb's Toxic Radiance  Pois           33%        N/A       34%         4
 Frozen Ramparts          Ice            12%        1d3       47%         3
 Ice Form                 Ice/Tmut       12%        N/A       77%         4
 Fulminant Prism          Conj/Hex       3%         3d6       87%         4
 Summon Ice Beast         Ice/Summ       6%         N/A       87%         4


Dungeon Overview and Level Annotations

Branches:
Dungeon (3/15)

Altars:
Makhleb
Ru
Trog


Message History

The orc wizard casts a spell at you. The magic dart hits you!
* * * LOW HITPOINT WARNING * * *
Casting: Sting (safe; 6% risk of failure)
Confirm with . or Enter, or press ? or * to list all spells.
Aiming: Sting (safe; 6% risk of failure)
Press: ? - help, Shift-Dir - straight line, f/p - orc priest
Aim: an orc priest, wielding a +0 club and wearing a +0 leather armour (severely wounded, poisoned, 74% to hit)
The sting hits the orc priest but does no damage.
The orc priest looks even sicker.
The orc priest is severely wounded.
It was a potion of flight.
You feel very buoyant.
You fly up into the air.
You kill the orc priest!
The orc wizard points at you and mumbles some strange words.
The puff of flame misses you.
Your Spellcasting skill increases to level 4!
Your Poison Magic skill increases to level 4!
Casting: Sting (safe; 5% risk of failure)
Confirm with . or Enter, or press ? or * to list all spells.
You don't have enough magic to cast this spell.
Unknown command.
Casting: Sting (safe; 5% risk of failure)
Confirm with . or Enter, or press ? or * to list all spells.
You don't have enough magic to cast this spell.
Magic courses through your body.
It was a potion of brilliance.
You feel clever all of a sudden.
Casting: Sting (safe; 5% risk of failure)
Confirm with . or Enter, or press ? or * to list all spells.
Aiming: Sting (safe; 5% risk of failure)
Press: ? - help, Shift-Dir - straight line, f - orc wizard
Aim: an orc wizard, wielding a +0 dagger and wearing a +0 robe (72% to hit)
You feel a surge of power!
The sting hits the orc wizard but does no damage.
The orc wizard is poisoned.
The orc wizard points at you and mumbles some strange words.
The puff of flame hits you!
You die...

...## #.#.#### #.##
#.#.# ..# #.#.# ###
#.#.#### #.#....# #
#.......
####.###########.#
#................#
#@# #######.# #o#
#.# # #.## #..
########.. #..# #.#
.......#...### #..#
#.#
......##._.o..##..#
#.. #####.# #))...#
##. # #.# ####..#
#. # #.# ######..#
#.


You could see an orc wizard (poisoned).

Vanquished Creatures
  An orc priest (D:3)
  Natasha (D:2)
  An adder (D:3)
  A worm (D:2)
  A dart slug (D:1)
  3 orcs (D:3)
  2 bats
  4 endoplasms
  4 giant cockroaches
  6 goblins
  6 hobgoblins
  4 kobolds
  2 quokkas
  8 ball pythons
  4 frilled lizards
  2 rats
50 creatures vanquished.

Notes
Turn   | Place    | Note
-------+----------+-------------------------------------------
     0 | D:1      | styxcanada the Deep Elf Venom Mage began the quest for the
                  | Orb.
     0 | D:1      | Reached XP level 1. HP: 10/10 MP: 6/6
   307 | D:1      | Reached XP level 2. HP: 15/15 MP: 8/8
   532 | D:1      | Learned a level 2 spell: Poisonous Vapours
  1066 | D:1      | Reached XP level 3. HP: 14/19 MP: 7/10
  1823 | D:2      | Found a bloodstained altar of Trog.
  2052 | D:2      | Found a faded altar of an unknown god.
  2092 | D:2      | Noticed Natasha
  2098 | D:2      | Killed Natasha
  2099 | D:2      | Reached skill level 1 in Armour
  2224 | D:2      | Reached XP level 4. HP: 24/24 MP: 6/11
  2955 | D:3      | Found a sacrificial altar of Ru.
  3494 | D:3      | Found a burning altar of Makhleb.
  3515 | D:3      | Killed from afar by an orc wizard

Illustrated notes

Levels and vault maps discovered:
D:1:      zelgadis_glass_arrival_large, layout_basic, minmay_heptomino_h4
D:2:      layout_loops_ring, chequers_ecumenical_altar_twisty, basic_altar,
          uniq_natasha
D:3:      layout_loops_ring, marbit_many_paths, mainiacjoe_overflow_alcove_2,
          chequers_serial_rivers_small_b

Skill      XL: |  1  2  3  4 |
---------------+-------------+-----
Armour         | 1 |  1.6
Stealth        | 3 |  3.5
Spellcasting   | 4 |  4.1
Poison Magic   | 4 |  4.0
Dodging        | |  2.7
Transmutations | |  1.7
Air Magic      | |  0.2

Action                   |  1- 3 |  4- 6 || total
-------------------------+-------+-------++-------
Melee: Dagger            |    22 |     7 ||    29
 Cast: Sting             |    46 |    16 ||    62
       Poisonous Vapours |    11 |     6 ||    17
  Use: Scroll            |       |     7 ||     7
       Potion            |       |     3 ||     3
 Stab: Sleeping          |     5 |     3 ||     8
Armor: Robe              |     2 |       ||     2
       Leather armour    |     5 |     1 ||     6
Dodge: Dodged            |    15 |     7 ||    22
